 Dungeon Crawl Stone Soup version 0.19-b1-1-g9a3527e (webtiles) character file.

2128 Goblin1989 the Spear-Bearer (level 9, -4/64 HPs)
             Began as a Demonspawn Skald on Oct 28, 2016.
             Was a Follower of Hepliaklqana.
             Slain by a wyvern (12 damage)
             ... on level 8 of the Dungeon.
             The game lasted 00:24:16 (6748 turns).

Goblin1989 the Spear-Bearer (Demonspawn Skald)      Turns: 6748, Time: 00:24:16

Health: -4/64      AC: 15    Str: 15      XL:     9   Next: 8%
Magic:  12/12      EV: 17    Int: 13 (15) God:    Hepliaklqana [*.....]
Gold:   390        SH:  0    Dex: 17      Spells: 4 memorised, 4 levels left

rFire  . . .     SeeInvis .     a - +0 trident
rCold  . . .     Gourm    .     s - +0 ring mail
rNeg   . . .     Faith    .     (no shield)
rPois  +         Spirit   .     k - +2 helmet {Int+3}
rElec  .         Reflect  .     r - +0 cloak
rCorr  +         Harm     .     n - +0 pair of gloves
MR     .....                    f - +0 pair of boots
Stlth  +.........               (no amulet)
                                g - ring of resist corrosion
                                C - -3 ring of intelligence

@: confused, agile
A: reduced essence, talons 2, yellow scales 2, poison resistance, powered by
pain 1, robust 1, wild magic 1
a: Recall Ancestor, Ancestor Identity, Renounce Religion


You were on level 8 of the Dungeon.
You worshipped Hepliaklqana.
Hepliaklqana was aware of your devotion.
You were not hungry.

You visited 2 branches of the dungeon, and saw 9 of its levels.

You collected 390 gold pieces.

Inventory:

Hand Weapons
 a - a +0 trident (weapon)
Armour
 f - a +0 pair of boots (worn)
 k - a +2 helmet of intelligence (worn)
 n - a +0 pair of gloves (worn)
 r - a +0 cloak (worn)
 s - a +0 ring mail (worn)
Jewellery
 g - a ring of resist corrosion (right hand)
 x - an uncursed ring of stealth
 C - a -3 ring of intelligence (left hand)
Scrolls
 b - 3 scrolls of remove curse {@r2}
 o - 2 scrolls of amnesia
 q - a scroll of enchant armour {unknown}
 v - a scroll of noise {unknown}
 A - 5 scrolls of fear
 B - a scroll of blinking
 M - 2 scrolls of magic mapping
 T - a scroll of teleportation {!r, @r4}
Potions
 e - a potion of magic
 t - 2 potions of curing {@q1}
Books
 c - a book of Battle

   Spells                             Type                      Level
   a - Infusion                       Charms                       1
   b - Shroud of Golubria             Charms/Translocation         2
   c - Song of Slaying                Charms                       2
   d - Spectral Weapon                Hexes/Charms                 3
   e - Regeneration                   Charms/Necromancy            3
Comestibles
 d - 2 bread rations {@e1}
 i - 4 fruits
 j - 5 meat rations {@e2}
 l - a chunk of flesh {@w0}


   Skills:
 + Level 3.5 Fighting
 * Level 9.8 Polearms
 + Level 2.8 Armour
 + Level 2.6 Dodging
 - Level 2.0 Spellcasting
 - Level 2.6 Charms
 + Level 3.0 Invocations


You had 4 spell levels left.
You knew the following spells:

 Your Spells              Type           Power        Failure   Level  Hunger
a - Infusion              Chrm           ##..         24%         1    ##.....
h - Shroud of Golubria    Chrm/Tloc      #.........   58%         2    ###....
y - Song of Slaying       Chrm           ##......     36%         2    ###....
R - Regeneration          Chrm/Necr      #.........   91%         3    ####...


Dungeon Overview and Level Annotations

Branches:
Dungeon (8/15)             Temple (1/1) D:4
   Lair: D:8-11

Altars:
Dithmenos
Elyvilon
Gozag
Hepliaklqana
Ru
Trog
Zin
The Shining One

Shops:
D:7 ?

Annotations:
D:3 Chiseanne's ghost, weakling DsWz; Grinder; Terence


Innate Abilities, Weirdness & Mutations

You have razor-sharp toenails.
You are mostly covered in yellow scales. (AC +3)
You sometimes gain a little power by taking damage.
Your life essence is reduced. (-10% HP)
Your system is resistant to poisons. (rPois)
You are robust. (+10% HP)
Your spells are a little harder to cast, but a little more powerful.


Message History

The wyvern bites you but does no damage.
The wyvern bites you!
* * * LOW HITPOINT WARNING * * *
You take 6 damage, and have 20/64 hp.
MP restored: 12 You bump into the rock wall.
The wyvern bites you but does no damage.
You regained 5 hp, and now have 25/64 hp.
You bump into the rock wall.
The wyvern misses you. The wyvern bites you!
* * * LOW HITPOINT WARNING * * *
You take 11 damage, and have 14/64 hp.
You hit the wyvern.
The wyvern is lightly wounded.
The wyvern bites you!
* * * LOW HITPOINT WARNING * * *
You take 3 damage, and have 11/64 hp.
You're too confused to move!
The wyvern bites you!
* * * LOW HITPOINT WARNING * * *
The wyvern bites you!
You die...

.≈. .████
█.████....▲
█....$...█
█........█
█<.......█
█........█
███GR....█
█l█.█.██
█.@.█ .


█████ You could see an eye of draining and a wyvern.

Vanquished Creatures
  Pikel (D:6)
  2 centaurs
  2 ogres
  A bullfrog (D:6)
  A scorpion (D:6)
  2 crimson imps
  A howler monkey (D:4)
  A bullfrog zombie (D:6)
  5 hounds
  Crazy Yiuf (D:6)
  3 iguanas
  2 orc wizards (D:5)
  2 worker ants
  2 hound zombies
  A hound skeleton (D:6)
  2 worker ant zombies (D:5)
  2 gnolls
  6 adders
  2 shadow imps
  An ooze (D:4)
  An adder skeleton (D:4)
  4 worms
  5 dart slugs
  4 leopard geckos
  11 orcs
  2 ball pythons
  7 bats
  7 giant cockroaches
  9 goblins
  8 hobgoblins
  7 jackals
  2 quokkas
  6 frilled lizards
  7 kobolds
  9 rats
129 creatures vanquished.

Vanquished Creatures (collateral kills)
  An ice beast (D:6)
  A centaur (D:6)
  A bullfrog (D:6)
  A howler monkey (D:6)
  A bullfrog zombie (D:5)
  An orc priest (D:7)
  A hound (D:5)
  An orc wizard (D:6)
  2 adders (D:6)
  3 orcs
  3 jackals
  A leopard gecko zombie (D:6)
17 creatures vanquished.

Vanquished Creatures (others)
  An adder zombie (D:6)
  14 ancestors
15 creatures vanquished.

Grand Total: 161 creatures vanquished

Notes
Turn   | Place    | Note
-------+----------+-------------------------------------------
     0 | D:1      | Goblin1989 the Demonspawn Skald began the quest for the Orb.
     0 | D:1      | Reached XP level 1. HP: 16/16 MP: 3/3
    33 | D:1      | Reached skill level 2 in Polearms
    69 | D:1      | Gained mutation: You are partially covered in yellow scales. (AC +2) [demonic ancestry]
    69 | D:1      | Reached XP level 2. HP: 22/22 MP: 5/5
   296 | D:1      | Reached skill level 3 in Polearms
   345 | D:1      | Learned a level 2 spell: Shroud of Golubria
   388 | D:2      | Reached XP level 3. HP: 25/27 MP: 6/6
  1070 | D:2      | Gained mutation: You have sharp toenails. [demonic ancestry]
  1070 | D:2      | Reached XP level 4. HP: 30/33 MP: 7/7
  1162 | D:2      | Reached skill level 4 in Polearms
  1628 | D:3      | Noticed Chiseanne's ghost (weakling DsWz)
  2108 | D:3      | Reached XP level 5. HP: 35/38 MP: 8/8
  2122 | D:3      | Noticed Grinder
  2123 | D:3      | Noticed Terence
  2129 | D:4      | Reached skill level 5 in Polearms
  2375 | D:4      | Found a staircase to the Ecumenical Temple.
  2390 | Temple   | Entered the Ecumenical Temple
  2397 | Temple   | Became a worshipper of Hepliaklqana the Forgotten
  2472 | D:4      | Got a thick robe
  2955 | D:5      | Entered Level 5 of the Dungeon
  2991 | D:5      | Noticed an ogre
  3013 | D:5      | HP: 1/34 [ogre/giant spiked club (22)]
  3444 | D:4      | Found a glowing silver altar of Zin.
  3500 | D:4      | Reached * piety under Hepliaklqana
  3713 | D:5      | Gained mutation: You have razor-sharp toenails. [demonic ancestry]
  3713 | D:5      | Reached XP level 6. HP: 17/39 MP: 9/9
  3716 | D:5      | Reached skill level 6 in Polearms
  4269 | D:5      | Found a white marble altar of Elyvilon.
  4293 | D:5      | Reached skill level 7 in Polearms
  4293 | D:5      | Gained mutation: You sometimes gain a little power by taking damage. [demonic ancestry]
  4293 | D:5      | Reached XP level 7. HP: 30/45 MP: 10/10
  4785 | D:6      | Found a runed door.
  4846 | D:6      | Reached skill level 8 in Polearms
  4878 | D:6      | Noticed Crazy Yiuf
  4893 | D:6      | Killed Crazy Yiuf
  5053 | D:6      | Learned a level 3 spell: Regeneration
  5056 | D:6      | Learned a level 2 spell: Song of Slaying
  5167 | D:6      | Reached XP level 8. HP: 36/50 MP: 11/11
  5289 | D:6      | Found a glowing golden altar of the Shining One.
  5333 | D:6      | Reached skill level 9 in Polearms
  5381 | D:6      | Reached skill level 1 in Armour
  5381 | D:6      | Reached skill level 1 in Dodging
  6059 | D:6      | Found a shadowy altar of Dithmenos.
  6152 | D:6      | Reached skill level 1 in Invocations
  6157 | D:6      | Noticed Pikel
  6194 | D:6      | Gained mutation: Your spells are a little harder to cast, but a little more powerful. [potion of mutation]
  6194 | D:6      | Gained mutation: Your system is resistant to poisons. (rPois) [potion of mutation]
  6194 | D:6      | Gained mutation: You are robust. (+10% HP) [potion of mutation]
  6223 | D:6      | Killed Pikel
  6384 | D:6      | Gained mutation: You are mostly covered in yellow scales. (AC +3) [demonic ancestry]
  6384 | D:6      | Reached XP level 9. HP: 56/64 MP: 12/12
  6681 | D:7      | Found Ciuph's Magic Scroll Boutique.
  6748 | D:8      | Slain by a wyvern

Skill      XL: |  1  2  3  4  5  6  7  8  9 |
---------------+----------------------------+-----
Polearms       | 2 3 4 5 7 8 9 |  9.8
Armour         | 2 |  2.8
Dodging        | 2 |  2.6
Invocations    | 2 3 |  3.0
Fighting       | 3 |  3.5
Spellcasting   | |  2.0
Charms         | |  2.6

Action                   |  1- 3 |  4- 6 |  7- 9 || total
-------------------------+-------+-------+-------++-------
Melee: Spear             |   190 |   244 |       ||   434
       Kick              |       |    34 |       ||    34
       Trident           |       |   118 |   281 ||   399
 Cast: Infusion          |       |     1 |       ||     1
Invok: Recall Ancestor   |       |     1 |       ||     1
  Use: Scroll            |       |    12 |     1 ||    13
       Potion            |       |     2 |     9 ||    11
 Stab: Sleeping          |     1 |     7 |       ||     8
       Distracted        |       |     1 |     1 ||     2
  Eat: Chunk             |     1 |    11 |     6 ||    18
       Beef jerky        |       |       |     1 ||     1
Armor: Leather armour    |    54 |   102 |    27 ||   183
       Ring mail         |       |       |    59 ||    59
Dodge: Dodged            |    83 |   156 |   121 ||   360

Vault maps used:
D:1:      dpeg_arrival_tiny_a
D:2:      serial_glass, glass_columns_a, glass_columns_b, first_bread,
          kennysheep_small_spiral, minmay_cupped
D:3:      due_unseen_surprise, uniq_grinder, uniq_terence
D:4:      zin_statuary
D:5:      elyvilon_altar_3, cheibrodos_gnoll_hut
D:6:      nicolae_dithmenos_shadow_blocks, nicolae_overflow_crystal_walls,
          minmay_holes, uniq_crazy_yiuf_cottage, uniq_pikel
D:7:      cheibrodos_iron_armory, lemuel_crystal_altar, serial_shops,
          nicolae_shop_trees
D:8:      lemuel_ice_spiral_2, kennysheep_mini_moat, hangedman_ranch,
          minmay_lizard_king, uniq_gastronok
Temple:   eino_wide_crystal_templ
